 Dungeon Crawl Stone Soup version 0.31-a0-859-g9dce7d3444 (webtiles) character file.

Game seed: 8657502738338559595

87 Bnni the Vexing (level 4, 0/29 (33) HPs)
             Began as a Formicid Hexslinger on Oct 10, 2023.
             Killed from afar by Ijyb (6 damage)
             ... with a puff of flame
             ... on level 3 of the Dungeon.
             The game lasted 00:04:11 (1988 turns).

Bnni the Vexing (Formicid Hexslinger)               Turns: 1988, Time: 00:04:12

HP:   0/29 (33)     AC:  2    Str: 12    XL:     4   Next: 80%
MP:   3/6           EV: 12    Int: 13    God:
Gold: 35            SH:  0    Dex: 18    Spells: 0/6 levels left

rFire   . . .        a - +1 sling
rCold   . . .        (no shield)
rNeg    . . .        c - +0 robe
rPois   .            (helmet unavailable)
rElec   .            (no cloak)
rCorr   +            (no gloves)
SInv    +            (no boots)
Will    .....        (no amulet)
Stlth   ++           i - ring of resist corrosion
HPRegen 0.24/turn    (no ring)
MPRegen 0.10/turn

%: no passive effects
@: lethally poisoned (0 -> -1), weak-willed, attractive, jinxed, heavily drained
A: permanent stasis, dig shafts and tunnels, antennae 3, four strong arms
a: Dig, Shaft Self


You were on level 3 of the Dungeon.
You visited 1 branch of the dungeon, and saw 3 of its levels.

You collected 35 gold pieces.

Inventory:

Hand Weapons
 a - a +1 sling (weapon)
Armour
 c - a +0 robe (worn)
Jewellery
 i - a ring of resist corrosion (left hand)
 k - a ring of ice
Scrolls
 b - a scroll of poison
 d - 5 scrolls of teleportation {unknown}
 e - a scroll of acquirement {unknown}
 f - a scroll of fear {unknown}
 h - a scroll of revelation {unknown}
 j - 2 scrolls of amnesia {unknown}
 n - a scroll of identify {unknown}
Potions
 g - a potion of attraction
 l - a potion of heal wounds {unknown}
 m - a potion of curing {unknown}


   Skills:
 + Level 2.0 Fighting
 * Level 3.0 Ranged Weapons
 - Level 1.7 Dodging
 + Level 1.7 Spellcasting
 * Level 4.8 Hexes
 - Level 1.0 Fire Magic


You couldn't memorise any spells.
You knew the following spells:

 Your Spells              Type           Power      Damage    Failure   Level
a - Jinxbite              Hex            26%        N/A       5%          2
d - Cause Fear            Hex            6%         N/A       34%         4

Your spell library contained the following spells:

 Spells                   Type           Power      Damage    Failure   Level
 Sigil of Binding         Hex            13%        N/A       11%         3
 Inner Flame              Hex/Fire       8%         N/A       24%         3
 Volatile Blastmotes      Fire/Tloc      4%         2d10      54%         3
 Dimensional Bullseye     Hex/Tloc       3%         N/A       67%         4
 Fulminant Prism          Conj/Hex       3%         3d5       67%         4
 Iskenderun's Mystic Bla  Conj/Tloc      1%         2d3       95%         4


Dungeon Overview and Level Annotations

Branches:
Dungeon (3/15)

Altars:

Annotations:
D:3 Ijyb


Innate Abilities, Weirdness & Mutations

You cannot be hasted, slowed, berserked, paralysed or teleported.
You can dig through walls and to a lower floor.
You have a pair of large antennae on your head. (SInv)
Your four strong arms can wield two-handed weapons with a shield.


Message History

Ijyb is moderately wounded.
An orc wizard comes into view. It is wielding a +0 dagger.
Ijyb screams, "No!
No, no, no, no!"
The orc wizard shouts!
You hear a shout! x2
An orc comes into view. It is wielding a +0 falchion.
The orc moves out of view.
The orc priest calls down the wrath of Beogh upon you.
Beogh smites you!
Your magical contamination has completely faded away.
You shoot a sling bullet. The sling bullet hits the adder.
The adder is heavily wounded.
Unknown command.
Okay, then.
You extend your mandibles.
You dig through the rock wall.
You feel drained. The adder bites you.
You dig through the rock wall.
You feel drained.
You dig through the rock wall.
You feel drained. The adder attacks as it pursues you!
The adder bites you but does no damage.
You shoot a sling bullet.
The sling bullet closely misses the adder.
The adder bites you but does no damage. The adder bites you.
You are poisoned.
The adder poisons you!
Casting: Jinxbite (safe; 5% risk of failure)
Confirm with . or Enter, or press ? or * to list all spells.
You beckon some vexing sprites to accompany your attacks.
You feel your willpower being sapped.
You feel sick. The adder bites you.
Fire: a) +1 sling
Press: ? - help, Shift-Dir - straight line, f/p - adder
Aim: an adder (heavily wounded, chance to call a sprite on attack: 55%, 44% to hit)
You shoot a sling bullet. The sling bullet hits the adder.
The adder is severely wounded.
A giggling sprite leaps out and smacks the adder with its own tail.
You kill the adder!
You feel sick.
Your Ranged Weapons skill increases to level 3!
It was a potion of attraction.
You feel attractive to monsters.
You feel sick.
Ijyb zaps a wand.
The puff of flame hits you.
You die...

############ #..........#
#.#######.## #.# #.# #.#
#.# #.# #.# #.#######.#
#.# #......##.# #.#
#########.##.# . #.# ##@#
#.##.# .. #.# #g## #.##.#
....####{####.#######.##<#
.........{{..{........####
.....###K##############
..?...##.########
..o.............#
..Ko#.....#######
.,{{####..#


You could see Ijyb.

Vanquished Creatures
  4 adders
  3 worms (D:2)
  5 endoplasms
  3 goblins (D:1)
  8 hobgoblins
  A quokka (D:1)
  2 ball pythons
  5 bats
  2 frilled lizards
  5 kobolds
  4 rats
42 creatures vanquished.

Notes
Turn   | Place    | Note
-------+----------+-------------------------------------------
     0 | D:1      | Bnni the Formicid Hexslinger began the quest for the Orb.
     0 | D:1      | Reached XP level 1. HP: 15/15 MP: 2/2
   134 | D:1      | Reached XP level 2. HP: 21/21 MP: 3/3
   137 | D:1      | Learned a level 2 spell: Jinxbite
   478 | D:1      | Reached skill level 4 in Hexes
   517 | D:1      | Found a faded altar of an unknown god.
   774 | D:1      | Reached XP level 3. HP: 26/26 MP: 5/5
  1472 | D:2      | Reached XP level 4. HP: 33/33 MP: 6/6
  1480 | D:2      | Learned a level 4 spell: Cause Fear
  1972 | D:3      | Noticed Ijyb
  1988 | D:3      | Killed from afar by Ijyb

Illustrated notes

Levels and vault maps discovered:
D:1:      beargit_arrival_greenhouse, layout_basic, basic_ecumenical_altar
D:2:      layout_basic
D:3:      layout_basic, uniq_ijyb

Skill      XL: |  1  2  3  4 |
---------------+-------------+-----
Hexes          | 4 |  4.8
Fighting       | 2 |  2.0
Ranged Weapons | 3 |  3.0
Dodging        | |  1.7
Spellcasting   | |  1.7
Fire Magic     | |  1.0

Action                     |  1- 3 |  4- 6 || total
---------------------------+-------+-------++-------
   Fire: Sling             |    73 |    48 ||   121
   Cast: Jinxbite          |     2 |     4 ||     6
Ability: Dig               |       |     1 ||     1
    Use: Potion            |       |     1 ||     1
 Armour: Robe              |    10 |    19 ||    29
  Dodge: Dodged            |    22 |    17 ||    39

Table legend: (Time is in decaauts)
 A = Elapsed time spent in this place.
 B = Non-inter-level travel time spent in this place.
 C = Inter-level travel time spent in this place.
 D = Time resting spent in this place.
 E = Time spent auto-exploring this place.
 F = Levels seen in this place.
 G = Mean time per level.
                   A        B        C        D        E       F      G
               +--------+--------+--------+--------+--------+-----+--------+
         Total |   2021 |   1961 |     60 |    113 |   1564 |   3 |  673.7 |
       Dungeon |   2021 |   1961 |     60 |    113 |   1564 |   3 |  673.7 |
               +--------+--------+--------+--------+--------+-----+--------+

Top non-repeatable levels by time:
     D:1: 997 daAuts
     D:2: 923 daAuts
     D:3: 100 daAuts
